 Dungeon Crawl Stone Soup version 0.30-a0-782-ge64f9170bb (webtiles) character file.

Game seed: 811343889990152597

604388 CoolSool the Hoplite (level 26, -15/247 HPs)
             Began as an Armataur Fighter on Feb 17, 2023.
             Was an Initiate of Gozag.
             Killed from afar by an acid blob (20 damage)
             ... with a splash of acid
             ... on level 4 of the Pits of Slime on Mar 2, 2023.
             The game lasted 03:07:37 (70560 turns).

CoolSool the Hoplite (Armataur Fighter)            Turns: 70560, Time: 03:07:38

Health: -15/247    AC: 29    Str: 29    XL:     26   Next: 58%
Magic:  0/14       EV: 17    Int: 12    God:    Gozag
Gold:   3759       SH: 25    Dex: 25    Spells: 19/25 levels left

rFire   + + .      SeeInvis .    O - +5 eveningstar (heavy)
rCold   + + +      Faith    .    L - +5 Storm Queen's Shield {shock, Fly rElec}
rNeg    + + .      Spirit   .    w - +8 chain mail {rPois}
rPois   +          Reflect  .    y - +0 helmet of Mionohe {rF++ rC+ rN+ Int+3}
rElec   +          Harm     .    E - +1 cloak "Tanwy" {rF+ Str+2}
rCorr   .          Roll     +    W - +3 Mad Mage's Maulers {Infuse+∞ VampMP -Cast}
Will    +++++      Clarity  +    c - +4 barding
Stlth   ++         NoCast   +    u - amulet of the Four Winds {rN+ Will+++ Clar}
HPRegen 0.61/turn                P - ring of Nudi {Ice Will+++ MP-9 Str+4 Stlth+}
MPRegen 0.14/turn                x - ring of Qutwust {rC+++ Int-5 Dex+8 Slay+4}

@: corroded, gold aura, flying
A: large, rugged brown scales 3, deformed body, armoured tail, roll, long
tongue, awkward tongue, camouflage 1, clever 1, cold resistance 1, strong-willed
1, sturdy frame 1
}: 3/15 runes: barnacled, golden, gossamer
a: Renounce Religion, Potion Petition, Call Merchant, Bribe Branch


You were on level 4 of the Pits of Slime.
You worshipped Gozag.
Gozag was most pleased with you.
You visited 12 branches of the dungeon, and saw 56 of its levels.
You visited the Abyss 1 time.
You visited 1 ziggurat, and saw 1 of its levels.
You also visited: Bailey and Ice Cave.

You collected 33210 gold pieces.
You spent 6343 gold pieces at shops.
You paid 23108 gold pieces to Gozag.

Inventory:

Hand Weapons
 N - the +4 broad axe "Beastslayer" {holy, rC+ Stlth+}
   (You took it off a wizard on level 2 of the Vaults)

   rC:        It protects you from cold.
   Stlth:     It makes you more stealthy.
 O - a +5 heavy eveningstar (weapon)
Missiles
 v - 12 throwing nets
Armour
 c - a +4 barding (worn)
 w - a +8 chain mail of poison resistance (worn)
 y - the +0 helmet of Mionohe (worn) {rF++ rC+ rN+ Int+3}
   (You found it on level 6 of the Dungeon)

   Int:       It affects your intelligence (+3).
   rF:        It greatly protects you from fire.
   rC:        It protects you from cold.
   rN:        It protects you from negative energy.
 E - the +1 cloak "Tanwy" (worn) {rF+ Str+2}
   (You bought it in a shop on level 8 of the Dungeon)

   Str:       It affects your strength (+2).
   rF:        It protects you from fire.
 L - the +5 Storm Queen's Shield (worn) {shock, Fly rElec}
   (You found it on level 3 of the Elven Halls)

   Shock:     When it blocks an attack, it may electrocute the attacker.
   This works even against foes who are a short distance away.
   rElec:     It insulates you from electricity.
   Fly:       It grants you flight.
 W - the +3 Mad Mage's Maulers (worn) {Infuse+∞ VampMP -Cast}
   (You found it on level 3 of the Tomb of the Ancients)

   Infuse+∞: It empowers its wearer's blows with all of their magic.
   VampMP:    Blows struck in melee replenish the wearer's magic.
   -Cast:     It prevents spellcasting.
Jewellery
 u - the amulet of the Four Winds (around neck) {rN+ Will+++ Clar}
   (You found it on level 3 of the Vaults)

   [amulet of nothing]

   rN:        It protects you from negative energy.
   Clar:      It protects you against confusion.
   Will:      It greatly increases your willpower.
 x - the ring of Qutwust (right hand) {rC+++ Int-5 Dex+8 Slay+4}
   (You bought it in a shop on level 2 of the Orcish Mines)

   [ring of slaying]

   Int:       It affects your intelligence (-5).
   Dex:       It affects your dexterity (+8).
   Slay:      It affects your accuracy & damage with ranged weapons and melee
   (+4).
   rC:        It renders you almost immune to cold.
 P - the ring of Nudi (left hand) {Ice Will+++ MP-9 Str+4 Stlth+}
   (You bought it in a shop on level 3 of the Lair of Beasts)

   [ring of ice]

   It enhances your ice magic.
   Str:       It affects your strength (+4).
   rF:        It makes you vulnerable to fire.
   rC:        It protects you from cold.
   MP:        It affects your magic capacity (-9).
   Will:      It greatly increases your willpower.
   Stlth:     It makes you more stealthy.
Wands
 a - a wand of flame (67) (quivered)
 e - a wand of iceblast (38)
 i - a wand of charming (55)
 j - a wand of digging (5)
 t - a wand of acid (53)
 F - a wand of polymorph (14)
 M - a wand of mindburst (23)
Scrolls
 b - a scroll of enchant armour
 f - 26 scrolls of teleportation
 m - 3 scrolls of blinking
 n - 7 scrolls of silence
 p - 6 scrolls of fog
 D - a scroll of amnesia
 K - 5 scrolls of summoning
 T - 3 scrolls of fear
Potions
 d - 4 potions of might
 h - a potion of heal wounds
 k - 8 potions of haste
 l - 6 potions of magic
 o - 4 potions of invisibility
 z - 6 potions of curing
 A - 2 potions of resistance
 B - 5 potions of mutation
 H - 9 potions of ambrosia
 I - 8 potions of attraction
 R - 4 potions of berserk rage
 S - 3 potions of cancellation
Miscellaneous
 s - a phantom mirror
 J - a box of beasts
 Q - a condenser vane


   Skills:
 + Level 17.7 Fighting
 - Level 18.0(20.3) Axes
 - Level 17.4(21.0) Maces & Flails
 + Level 22.2 Armour
 + Level 14.8 Dodging
 * Level 26.2 Shields
 - Level 14.0 Evocations


You had 19 spell levels left.
You knew the following spells:

 Your Spells              Type           Power      Damage    Failure   Level
a - Swiftness             Air            0%         N/A       90%         3
b - Vhi's Electric Charg  Tloc/Air       0%         N/A       90%         3

Your spell library contained the following spells:

 Spells                   Type           Power      Damage    Failure   Level
 Beastly Appendage        Tmut           0%         N/A       56%         1
 Foxfire                  Conj/Fire      0%         2x1d4     56%         1
 Freeze                   Ice            0%         1d3       56%         1
 Kiss of Death            Conj/Necr      0%         2d5       56%         1
 Magic Dart               Conj           0%         1d3       56%         1
 Summon Small Mammal      Summ           0%         N/A       56%         1
 Cigotuvi's Dreadful Rot  Necr/Pois/Air  0%         N/A       71%         2
 Ensorcelled Hibernation  Hex/Ice        0%         N/A       71%         2
 Lesser Beckoning         Tloc           0%         N/A       71%         2
 Momentum Strike          Conj/Tloc      0%         3d8       71%         2
 Passwall                 Tmut/Erth      0%         N/A       71%         2
 Poisonous Vapours        Pois/Air       0%         N/A       71%         2
 Scorch                   Fire           0%         2d5       71%         2
 Searing Ray              Conj           0%         2d4       71%         2
 Static Discharge         Conj/Air       0%         2-2/arc   71%         2
 Sublimation of Blood     Necr           0%         N/A       71%         2
 Wereblood                Tmut           0%         N/A       71%         2
 Call Canine Familiar     Summ           0%         N/A       90%         3
 Confusing Touch          Hex            0%         N/A       90%         3
 Dazzling Flash           Conj/Hex       0%         N/A       90%         3
 Frozen Ramparts          Ice            0%         1d1       90%         3
 Gell's Gravitas          Tloc           0%         N/A       90%         3
 Hailstorm                Conj/Ice       0%         3d3       90%         3
 Inner Flame              Hex/Fire       0%         N/A       90%         3
 Mephitic Cloud           Conj/Pois/Air  0%         N/A       90%         3
 Ozocubu's Armour         Ice            0%         N/A       90%         3
 Portal Projectile        Hex/Tloc       0%         N/A       90%         3
 Spider Form              Tmut/Pois      0%         N/A       90%         3
 Stone Arrow              Conj/Erth      0%         3d7       90%         3
 Summon Guardian Golem    Hex/Summ       0%         N/A       90%         3
 Teleport Other           Tloc           0%         N/A       90%         3
 Airstrike                Air            0%         2d(0-16)  100%        4
 Anguish                  Hex/Necr       0%         N/A       100%        4
 Animate Armour           Summ/Erth      0%         N/A       100%        4
 Cause Fear               Hex            0%         N/A       100%        4
 Dispel Undead            Necr           0%         3d6       100%        4
 Flame Wave               Conj/Fire      0%         2d4       100%        4
 Fulminant Prism          Conj/Hex       0%         3d5       100%        4
 Ice Form                 Ice/Tmut       0%         N/A       100%        4
 Leda's Liquefaction      Hex/Erth       0%         N/A       100%        4
 Manifold Assault         Tloc           0%         N/A       100%        4
 Petrify                  Tmut/Erth      0%         N/A       100%        4
 Sticky Flame             Conj/Fire      0%         2d3       100%        4
 Summon Lightning Spire   Summ/Air       0%         N/A       100%        4
 Agony                    Necr           0%         N/A       100%        5
 Arcjolt                  Conj/Air       0%         1d10      100%        5
 Fireball                 Conj/Fire      0%         3d3       100%        5
 Freezing Cloud           Conj/Ice/Air   0%         6-21      100%        5
 Irradiate                Conj/Tmut      0%         3d11      100%        5
 Lee's Rapid Deconstruct  Erth           0%         3d4*      100%        5
 Lightning Bolt           Conj/Air       0%         1d11      100%        5
 Metabolic Englaciation   Hex/Ice        0%         N/A       100%        5
 Silence                  Hex/Air        0%         N/A       100%        5
 Yara's Violent Unravell  Hex/Tmut       0%         3d3       100%        5
 Dispersal                Tloc           0%         N/A       100%        6
 Eringya's Noxious Bog    Tmut/Pois      0%         N/A       100%        6
 Starburst                Conj/Fire      0%         6d3       100%        6
 Statue Form              Tmut/Erth      0%         N/A       100%        6
 Summon Cactus Giant      Summ           0%         N/A       100%        6
 Dragon Form              Tmut           0%         N/A       100%        7
 Enfeeble                 Hex            0%         N/A       100%        7
 Haunt                    Necr/Summ      0%         N/A       100%        7
 Malign Gateway           Summ/Tloc      0%         N/A       100%        7
 Summon Hydra             Summ           0%         N/A       100%        7
 Discord                  Hex            0%         N/A       100%        8
 Disjunction              Tloc           0%         N/A       100%        8
 Infestation              Necr           0%         N/A       100%        8
 Lehudib's Crystal Spear  Conj/Erth      0%         10d2      100%        8
 Maxwell's Capacitive Co  Air            0%         ∞         100%        8
 Summon Horrible Things   Summ           0%         N/A       100%        8
 Chain Lightning          Conj/Air       0%         N/A       100%        9
 Dragon's Call            Summ           0%         N/A       100%        9
 Fire Storm               Conj/Fire      0%         5d1       100%        9
 Polar Vortex             Ice            0%         N/A       100%        9
 Shatter                  Erth           0%         3d5*      100%        9
 Animate Dead             Necr           Unusable   N/A       N/A         4
 Simulacrum               Ice/Necr       Unusable   N/A       N/A         6

Dungeon Overview and Level Annotations

Branches:
Dungeon (15/15)            Temple (0/1) D:4            Lair (5/5) D:10
 Shoals (4/4) Lair:2       Spider (4/4) Lair:3        Slime (4/5) Lair:4
    Orc (2/2) D:9             Elf (3/3) Orc:2        Vaults (4/5) D:13
  Crypt (3/3) Vaults:3       Tomb (3/3) Crypt:3      Depths (4/4) D:15
    Zot (5/5) Depths:4     Bailey (visited)           IceCv (visited)

Altars:
Cheibriados
Elyvilon
Fedhas
Gozag
Hepliaklqana
Kikubaaqudgha
Makhleb
Nemelex Xobeh
Ru
Sif Muna
Trog
Vehumet
Xom
Yredelemnul
The Shining One
Jiyva
Lugonu

Shops:
D:7 (   D:8 [   D:9 (   Orc:2 ([*=   Elf:2 (   Lair:2 (   Lair:3 =   Shoals:2 [
Shoals:4 (   Spider:1 [[   Vaults:3 [   Vaults:4 (   Zot:5 *

Portals:
Hell: Depths:1 Depths:2 Depths:3 Depths:4
Abyss: Depths:2 Depths:3
Pandemonium: Depths:2 Depths:3
Ziggurat: Depths:2

Annotations:
D:8 2 transporters, Zappman123's ghost, novice OgCK
Elf:3 3 runed translucent doors, Zappman123's ghost, adept TrGl
Depths:4 1 runed translucent door
Zot:4 3 runed translucent doors, Niodghiapo's ghost, legendary NaFi


Innate Abilities, Weirdness & Mutations

You are completely covered in rugged brown scales. (AC +3, +7% HP)
Armour fits poorly on your strangely shaped body.
You have a long armoured tail.
You roll when moving toward enemies. (Rampage)
Your long tongue fully drains potion bottles. (2x potion effects)
Your tongue gives you trouble enunciating. (1.5x scroll delay)
Your skin changes colour to match your surroundings (Stealth+).
Your mind is acute. (Int +4, Str/Dex -1)
Your flesh is cold resistant. (rC+)
You are strong-willed. (Will+)
Your movements are slightly less encumbered by armour. (ER -2)


Message History

Okay, then.
Read: 4 scrolls of fear
Press: ? - help, Q - select action, (/) - cycle Dir - look around, f - activate Look: an azure jelly (severely wounded, chance to affect: 64%) As you slowly read the scroll of fear, it crumbles to dust.
You assume a fearsome visage.
The acid blob looks frightened!
The titanic slime creature looks frightened!
The acid blob resists with almost no effort.
The titanic slime creature looks frightened!
The azure jelly looks frightened!
The slime creature looks frightened!
The quicksilver ooze is unaffected.
The azure jelly looks frightened!
The rockslime looks frightened!
The great orb of eyes resists with almost no effort.
The quicksilver ooze is unaffected.
The slime creature looks frightened!
The acid blob resists with almost no effort.
The slime creature looks frightened!
The large slime creature looks frightened!
The slime creature looks frightened!
The quicksilver ooze hits you. The quicksilver ooze engulfs you!
The quicksilver ooze hits you.
* * * LOW HITPOINT WARNING * * *
You feel your power leaking away. The acid blob spits acid at you.
The splash of acid hits you!!
* * * LOW HITPOINT WARNING * * *
The acid corrodes you!
You slip free of the ooze engulfing you.
You gasp with relief as air once again reaches your lungs.
The slime creature is distracted by your dazzling golden aura.
Blink to where?
Press: ? - help, Q - select action, (/) - cycle Dir - move target, p - azure jelly A rockslime comes into view.
Found a stone staircase leading down.
As you slowly read the scroll of blinking, it crumbles to dust.
The rockslime quivers.
The acid blob spits acid at you. The splash of acid hits you!!
You die...
Your body crumbles into a pile of gold.

...##...... ##.
.###........... ..
..#.#.. .......
####.#.....#.#.......
##.#..##....#.#.......
#..J.......#..........
#..................
#####..J......@.......
##.#....J.J............
#..J...J>.J.###....>..#
##J....J....# #........
##..JG$$...## #........
#...$$.....# .J.......
#...J.J.#.## .........
....##.J..## .........
..J# .J...#


You could see 2 acid blobs, a rockslime and 2 quicksilver oozes.

Vanquished Creatures
  An ancient lich (Crypt:3)
  An orb of fire (Zot:4)
  A juggernaut (Depths:2)
  The ghost of Jyprain the Pyromancer, a veteran DrFE of Vehumet (Depths:2)
  Sojobo (Depths:3)
  Vv (Zot:3)
  4 royal mummies
  Frederick (Crypt:3)
  5 golden dragons
  4 bone dragons
  Jory (Crypt:3)
  A shard shrike zombie (Crypt:3)
  An iron giant (Depths:2)
  Asterion (Depths:2)
  7 liches
  Rupert (Lair:4)
  Zenata (Crypt:3)
  A titan (Depths:2)
  Mlioglotl (Spider:1)
  The ghost of Wesip the Executioner, an adept MiBe of Trog (Elf:2)
  A walking divine tome (Depths:2)
  3 acid blobs (Slime:1)
  3 deep elf blademasters
  The ghost of Jinabuol the Phalangite, an adept MfGl of Kikubaaqudgha (Depths:2)
  7 sphinxes
  2 deep elf master archers (Elf:3)
  5 ancient champions
  A tentacled starspawn (Abyss:3)
  The ghost of ma3 the Severer, an adept MiFi of Okawaru (Depths:2)
  A death cob (Zot:1)
  5 shadow dragons
  A kraken (Shoals:3)
  7 tengu reavers
  3 storm dragons
  3 revenants (Crypt:3)
  4 rockslimes
  5 draconian monks
  5 azure jellies
  8 frost giants
  2 draconian knights (Zot:3)
  5 fire giants
  An iron dragon (Depths:2)
  8 ghost moths
  7 emperor scorpions
  8 deep elf sorcerers
  A draconian stormcaller (Depths:4)
  2 draconian scorchers (Zot:1)
  2 draconian shifters
  A juggernaut zombie (Crypt:3)
  10 vault wardens
  A balrug (Abyss:3)
  5 orc warlords
  5 deep elf elementalists (Elf:3)
  19 ghouls
  A war gargoyle (Vaults:3)
  A curse skull (Crypt:1)
  10 ironbound preservers
  95 slime creatures
  A juggernaut skeleton (Crypt:1)
  32 very ugly things
  9 quicksilver oozes
  6 vampire knights
  10 ironbound thunderhulks
  A reaper (Crypt:3)
  A caustic shrike skeleton (Crypt:3)
  17 stone giants
  6 deep elf demonologists (Elf:3)
  5 green draconians
  3 broodmothers
  3 black draconians
  2 bennus
  4 purple draconians
  4 deep elf annihilators
  7 white draconians
  8 dire elephants
  9 spark wasps
  3 red draconians
  3 yellow draconians
  3 crystal guardians
  7 eidola
  11 deep elf death magi
  Snorg (Orc:2)
  7 merfolk impalers
  6 merfolk javelineers
  A green death (Crypt:3)
  10 jiangshi
  A quicksilver dragon zombie (Depths:1)
  3 ettins
  6 fire dragons
  4 great orbs of eyes
  3 deep elf high priests (Elf:3)
  10 yaktaur captains
  6 entropy weavers
  9 ice dragons
  2 spriggan zombies
  9 vault guards
  Erolcha (D:9)
  9 hydras
  Harold (D:9)
  Fannar (Lair:3)
  4 spriggan skeletons (Crypt:3)
  3 rakshasas
  3 alligator snapping turtles
  11 ironbound frosthearts
  3 catoblepae
  A spriggan air mage (Depths:2)
  2 peacekeepers (Vaults:3)
  A death knight (Crypt:2)
  5 centaur warriors
  2 jorogumos
  9 boulder beetles
  5 merfolk avatars
  35 dancing weapons
  5 radroaches
  An Orb Guardian zombie (Crypt:2)
  6 merfolk aquamancers
  7 vampire magi
  2 two-headed ogres
  10 deep troll earth magi
  3 death yaks (Lair:5)
  5 tengu warriors
  15 deep troll shamans
  A boulder beetle (shapeshifter) (Vaults:3)
  8 death scarabs
  A hell hog (Depths:1)
  8 thrashing horrors
  12 hell knights
  3 soul eaters
  4 orc high priests (Orc:2)
  6 spriggan berserkers
  20 deep elf knights
  11 sun demons
  A shock serpent (Zig:1)
  A titan zombie (Crypt:3)
  2 spriggans (Depths:1)
  A fire crab (shapeshifter) (Elf:2)
  A wretched star (Abyss:3)
  8 skysharks
  64 skeletal warriors
  18 iron trolls
  13 sea snakes
  2 large abominations
  6 pharaoh ants
  A ghost moth zombie (Crypt:2)
  An anaconda zombie (Crypt:3)
  A sun moth (Spider:4)
  9 orb spiders
  60 deep trolls
  4 glowing orange brains
  5 flayed ghosts
  16 deep elf archers
  A goliath frog (Crypt:3)
  2 shadow wraiths (Crypt:3)
  3 steelbarb worms
  A bunyip skeleton (Crypt:3)
  A tengu zombie (Depths:1)
  A spriggan simulacrum (Crypt:3)
  12 wizards
  6 bog bodies
  9 phantasmal warriors
  6 necromancers
  Pikel (D:5)
  17 harpies
  35 deep elf pyromancers
  19 lindwurms
  19 orc knights
  19 wolf spiders
  2 starcursed masses (Abyss:2)
  31 deep elf zephyrmancers
  An iron giant skeleton (Crypt:2)
  20 ironbound convokers
  A shadow dragon skeleton (Crypt:3)
  An anaconda skeleton (Crypt:3)
  49 ugly things
  A frost giant zombie (Crypt:1)
  10 fauns
  6 shining eyes
  4 orc sorcerers
  A worldbinder (Abyss:3)
  17 cyclopes
  12 moths of wrath
  11 manticores
  An iron dragon skeleton (Crypt:3)
  A stone giant skeleton (Crypt:3)
  A black mamba (Lair:5)
  An elephant (shapeshifter) (D:15)
  A dire elephant zombie (Crypt:3)
  An apocalypse crab (Abyss:2)
  16 vault sentinels
  13 merfolk sirens
  An eleionoma skeleton (Crypt:1)
  9 demonic crawlers
  Maurice (Orc:1)
  4 water nymphs
  11 elephants
  A guardian serpent (shapeshifter) (D:15)
  2 smoke demons
  A titan simulacrum (Crypt:3)
  3 ice statues (IceCv)
  6 torpor snails
  An eye of devastation (Depths:1)
  A kobold demonologist (D:12)
  3 unseen horrors
  A minotaur zombie (Crypt:2)
  15 rime drakes
  11 cane toads
  A dire elephant skeleton (Crypt:3)
  2 alligator snapping turtle skeletons (Crypt:3)
  An efreet (D:14)
  12 komodo dragons
  An anaconda simulacrum (IceCv)
  A centaur skeleton (Crypt:3)
  3 freezing wraiths
  37 yaktaurs
  2 naga skeletons
  3 tengu conjurers (Depths:4)
  A grey draconian skeleton (Crypt:3)
  A death yak skeleton (Crypt:3)
  5 polar bears
  A yellow draconian skeleton (Crypt:1)
  6 meliai
  A troll (shapeshifter) (D:14)
  8 guardian mummies
  4 harpy zombies (Shoals:3)
  25 merfolk
  9 trolls
  26 tarantellas
  A tarantella (shapeshifter) (Crypt:3)
  6 hornets
  7 wind drakes
  Prince Ribbit (D:5)
  A queen bee (Lair:1)
  Grinder (D:5)
  A culicivora zombie (Crypt:2)
  2 harpy skeletons (Crypt:3)
  A hydra skeleton (Crypt:3)
  A moth of wrath zombie (Crypt:1)
  5 snapping turtles
  34 blink frogs
  4 dream sheep (Shoals:1)
  25 culicivoras
  A stone giant simulacrum (Crypt:3)
  An ettin zombie (Crypt:3)
  14 flying skulls
  2 shadows
  6 air elementals
  30 jumping spiders
  An ettin skeleton (Crypt:3)
  13 wyverns
  5 vampires
  A fire dragon skeleton (Crypt:3)
  42 yaks
  3 ushabtiu
  A basilisk (shapeshifter) (D:13)
  13 water elementals
  8 wraiths
  6 basilisks
  A human (Lair:4)
  2 fire elementals
  3 golden eyes
  3 steam dragons
  An alligator snapping turtle simulacrum (Crypt:3)
  2 death yak simulacra (IceCv)
  37 redbacks
  3 vampire mosquitoes (Crypt:3)
  A neqoxec (Abyss:3)
  3 wargs
  4 acid dragons
  2 chaos spawn
  A demonspawn zombie (Crypt:3)
  A harpy simulacrum (IceCv)
  A water nymph zombie (Crypt:1)
  A glowing shapeshifter skeleton (Crypt:1)
  8 water moccasins
  A floating eye (Depths:2)
  2 hell hounds
  A deep troll skeleton (Crypt:2)
  An ice beast (D:7)
  3 sky beasts
  A black bear (shapeshifter) (Elf:2)
  57 orc warriors
  A hornet zombie (D:7)
  4 ogres
  4 black bears
  6 wolves (Lair:5)
  3 centaurs
  A snapping turtle skeleton (Crypt:3)
  5 boggarts
  A manticore skeleton (Crypt:2)
  2 lemures (D:5)
  2 phantoms
  A torpor snail zombie (Crypt:3)
  2 kobold brigands
  A hog skeleton (Crypt:1)
  11 necrophages
  2 wyvern zombies (D:7)
  A komodo dragon zombie (Crypt:2)
  17 bullfrogs
  4 gnoll sergeants
  4 scorpions
  5 earth elementals
  A two-headed ogre simulacrum (Crypt:3)
  A cane toad simulacrum (IceCv)
  A water moccasin zombie (Crypt:2)
  10 wights
  6 small abominations
  29 killer bees
  6 electric eels
  A yak skeleton (Crypt:1)
  4 howler monkeys
  A raiju skeleton (Crypt:2)
  A bullfrog zombie (D:7)
  2 lava snakes (D:9)
  2 centaur zombies (D:7)
  4 hounds
  3 jellies
  12 orc priests
  9 iguanas
  20 orc wizards
  Natasha (thrice) (D:4)
  8 hell rats
  A statue (D:6)
  A wolf simulacrum (IceCv)
  3 naga zombies
  11 mummies
  A howler monkey zombie (D:7)
  22 gnolls
  11 adders
  A shadow imp (D:6)
  3 white imps
  4 ufetubi
  A lava snake zombie (Crypt:3)
  A worm (D:3)
  3 dart slugs
  78 orcs
  5 bats
  2 bat zombies (Shoals:3)
  8 endoplasms
  6 giant cockroaches
  17 goblins
  23 hobgoblins
  6 quokkas
  6 ball pythons
  An endoplasm zombie (Crypt:2)
  3 frilled lizards
  A jackal zombie (Crypt:3)
  19 kobolds
  4 rats
  2 starspawn tentacles (Abyss:3)
  A tentacle (Shoals:3)
  A withered plant (Crypt:3)
2356 creatures vanquished.

Vanquished Creatures (collateral kills)
  11 royal mummies
  2 golden dragons
  2 tentacled monstrosities
  A shard shrike zombie (Tomb:3)
  A lich (Tomb:2)
  2 quicksilver dragons
  4 ancient champions
  4 death cobs
  A draconian monk (Zot:4)
  3 storm dragons
  2 revenants
  3 draconian knights (Zot:3)
  4 draconian scorchers
  A ghost moth (Zot:4)
  2 draconian stormcallers
  4 draconian annihilators
  5 green draconians
  10 bennus
  4 yellow draconians
  4 white draconians
  A purple draconian (Zot:3)
  4 black draconians (Zot:3)
  5 red draconians
  14 mummy priests
  6 death scarabs
  3 skeletal warriors (Tomb:3)
  A deep elf zephyrmancer (Elf:2)
  A shadow dragon skeleton (Tomb:1)
  4 moths of wrath
  A centaur skeleton (Tomb:3)
  25 guardian mummies
  10 flying skulls
  9 ushabtiu
  25 mummies
179 creatures vanquished.

Vanquished Creatures (others)
  8 royal mummies
  3 liches
  3 sphinxes (Tomb:1)
  4 ancient champions (Tomb:3)
  A revenant (Tomb:3)
  An iron dragon (Depths:2)
  A red draconian (Zot:1)
  13 bennus
  A purple draconian (Zot:3)
  2 deep elf annihilators (Elf:3)
  A yellow draconian (Zot:3)
  7 mummy priests
  2 deep elf knights
  4 skeletal warriors (Tomb:3)
  A wizard (Depths:3)
  A deep elf pyromancer (Elf:1)
  A moth of wrath (Zot:1)
  12 guardian mummies
  A harpy zombie (Tomb:1)
  4 flying skulls
  2 ushabtiu (Tomb:2)
  A boggart (Vaults:1)
  14 mummies
  2 demonic plants (Abyss:2)
  59 fungi
  A lurking horror (Abyss:3)
  114 plants
  2 starspawn tentacles (Abyss:3)
  3 tentacles (Shoals:3)
  A withered plant (Crypt:3)
270 creatures vanquished.

Grand Total: 2805 creatures vanquished

Notes
Turn   | Place    | Note
-------+----------+-------------------------------------------
     0 | D:1      | CoolSool the Armataur Fighter began the quest for the Orb.
     0 | D:1      | Reached XP level 1. HP: 19/19 MP: 1/1
   281 | D:1      | Reached XP level 2. HP: 26/26 MP: 2/2
   533 | D:1      | Reached XP level 3. HP: 32/32 MP: 3/3
   927 | D:2      | Found a radiant altar of Vehumet.
  1302 | D:2      | You fall into a shaft and drop 1 floor!
  1303 | D:3      | Found a sparkling altar of Nemelex Xobeh.
  1304 | D:3      | Found an opulent altar of Gozag.
  1310 | D:3      | Became a worshipper of Gozag Ym Sagoz the Greedy
  1380 | D:2      | Reached XP level 4. HP: 35/39 MP: 4/4
  2242 | D:3      | Reached XP level 5. HP: 44/44 MP: 5/5
  2315 | D:4      | Noticed Natasha
  2323 | D:4      | Killed Natasha
  2324 | D:4      | Reached skill level 5 in Maces & Flails
  2493 | D:4      | Noticed Natasha
  2500 | D:4      | Killed Natasha
  2612 | D:4      | Found a snail-covered altar of Cheibriados.
  2654 | D:4      | Noticed Natasha
  2678 | D:4      | Reached XP level 6. HP: 29/53 MP: 6/6
  2689 | D:4      | Killed Natasha
  3082 | D:4      | Found a staircase to the Ecumenical Temple.
  3444 | D:5      | Entered Level 5 of the Dungeon
  3476 | D:5      | Found a burning altar of Makhleb.
  3482 | D:5      | Noticed a sky beast
  3491 | D:5      | Killed a sky beast
  3524 | D:5      | Noticed Grinder
  3545 | D:5      | Paralysed by Grinder for 4 turns
  3553 | D:5      | Killed Grinder
  3554 | D:5      | Reached XP level 7. HP: 59/59 MP: 7/7
  3858 | D:5      | Noticed Pikel
  3880 | D:5      | Killed Pikel
  3881 | D:5      | Reached skill level 5 in Armour
  3881 | D:5      | Reached XP level 8. HP: 63/66 MP: 8/8
  3915 | D:5      | Identified the +6 whip of the Pit {freeze, Str+5}
  4559 | D:5      | Noticed Prince Ribbit
  4590 | D:5      | Killed Prince Ribbit
  5075 | D:5      | Reached XP level 9. HP: 72/72 MP: 9/9
  5084 | D:5      | Reached skill level 10 in Maces & Flails
  5481 | D:6      | Identified the +5 rapier "Fearah" {chaos, rCorr MP+9 Str+3}
  5740 | D:6      | Found a radiant altar of Vehumet.
  5755 | D:6      | Found a large runed translucent door.
  5755 | D:6      | Found a large runed translucent door.
  5763 | D:6      | Found a shimmering altar of Xom.
  5871 | D:6      | Identified the +0 helmet of Mionohe {rF++ rC+ rN+ Int+3}
  6024 | D:6      | Found a glowing golden altar of the Shining One.
  6507 | D:7      | Found a blossoming altar of Fedhas.
  6567 | D:7      | Found a basalt altar of Yredelemnul.
  6632 | D:7      | Found an ancient bone altar of Kikubaaqudgha.
  6848 | D:7      | Found a flagged portal.
  6902 | Bailey   | Entered a bailey
  7005 | Bailey   | Noticed an orc knight
  7040 | Bailey   | Killed an orc knight
  7041 | Bailey   | Reached skill level 5 in Fighting
  7041 | Bailey   | Reached XP level 10. HP: 46/86 MP: 10/10
  7346 | Bailey   | Noticed an orc warlord
  7346 | Bailey   | Noticed an orc knight
  7373 | Bailey   | Killed an orc warlord
  7383 | Bailey   | Killed an orc knight
  7416 | Bailey   | Identified the +4 dagger of Disarray {flame, rElec rPois
                  | Int+3 Stlth-}
  7456 | Bailey   | Reached skill level 10 in Armour
  7456 | Bailey   | Reached skill level 7 in Shields
  7456 | Bailey   | Reached XP level 11. HP: 99/101 MP: 11/11
  7456 | Bailey   | Reached XP level 12. HP: 107/110 MP: 12/12
  7564 | D:7      | Found Yviashrui's Weapon Boutique.
  7576 | D:7      | Found a white marble altar of Elyvilon.
  7771 | D:7      | Reached skill level 1 in Axes
  8057 | D:8      | Bought a faintly humming cloak for 332 gold pieces
  8057 | D:8      | Identified the +1 cloak "Tanwy" {rF+ Str+2} (You bought it
                  | in a shop on level 8 of the Dungeon)
  8057 | D:8      | Bought a runed robe for 129 gold pieces
  8082 | D:8      | Bought a masterwork tower shield for 332 gold pieces
  8082 | D:8      | Identified the +2 tower shield of the Imbibing Gods {rElec
                  | Will+} (You bought it in a shop on level 8 of the Dungeon)
  8236 | D:8      | Noticed Zappman123's ghost (novice OgCK)
  8237 | D:8      | Found a transporter.
  8241 | D:8      | Found a transporter.
  8436 | D:8      | Found a shimmering blue altar of Sif Muna.
  8615 | D:9      | Noticed Harold
  8615 | D:9      | Noticed Erolcha
  8651 | D:10     | Entered Level 10 of the Dungeon
  8750 | D:9      | Found Qoiter's Weapon Shoppe.
  8967 | D:9      | Reached skill level 8 in Shields
  9032 | D:9      | Found a faded altar of an unknown god.
  9032 | D:9      | Found a faded altar of an unknown god.
  9034 | D:9      | Found a hazy altar of Hepliaklqana.
  9067 | D:9      | Killed Harold
  9089 | D:9      | Killed Erolcha
  9246 | D:9      | Found a staircase to the Orcish Mines.
  9466 | D:8      | Bought a shiny scale mail for 245 gold pieces
  9590 | D:10     | Noticed a two-headed ogre
  9598 | D:10     | Killed a two-headed ogre
  9599 | D:10     | Reached skill level 5 in Axes
  9645 | D:10     | Found a staircase to the Lair.
  9660 | D:10     | Reached XP level 13. HP: 106/115 MP: 13/13
  9783 | D:10     | Reached skill level 9 in Shields
  9871 | D:10     | Found a sacrificial altar of Ru.
 10393 | D:11     | Found a frozen archway.
 10399 | IceCv    | Entered an ice cave
 10937 | D:11     | Reached skill level 10 in Shields
 11797 | Lair:1   | Entered Level 1 of the Lair of Beasts
 12146 | Lair:1   | Identified the +9 war axe "Pusty" {speed, rN+ Int+3}
 12418 | Lair:1   | Reached skill level 11 in Shields
 13051 | Lair:2   | Found a staircase to the Shoals.
 13075 | Lair:2   | Reached XP level 14. HP: 123/124 MP: 14/14
 13342 | Lair:2   | Reached skill level 10 in Axes
 14025 | Lair:3   | Identified a scroll of acquirement
 14025 | Lair:3   | Acquired 526 gold pieces
 14227 | Lair:3   | Reached skill level 12 in Shields
 14247 | Lair:3   | Found a hole to the Spider Nest.
 14584 | Lair:3   | Noticed Fannar
 14603 | Lair:3   | Killed Fannar
 14896 | Lair:3   | Bought the amulet of the Air {Inacc Air Fly rElec RMsl} for
                  | 752 gold pieces
 14896 | Lair:3   | Found the amulet of the Air {Inacc Air Fly rElec RMsl}
 14896 | Lair:3   | Bought the ring of Nudi {Ice Will+++ MP-9 Str+4 Stlth+} for
                  | 1046 gold pieces
 15112 | Lair:4   | Found a viscous altar of Jiyva.
 15113 | Lair:4   | Found a staircase to the Slime Pits.
 15347 | Lair:4   | Identified the +2 robe of Nuigocre {Contam +Inv Regen+
                  | Str+3}
 15994 | Lair:4   | Found a runed translucent door.
 16028 | Lair:4   | Noticed Rupert
 16042 | Lair:4   | Killed Rupert
 16221 | Lair:5   | Entered Level 5 of the Lair of Beasts
 16386 | Lair:5   | Identified the +0 ring mail of Doptijog {Rampage rF+ rN+
                  | rCorr}
 16770 | Lair:5   | Reached skill level 13 in Shields
 16831 | Lair:5   | Learned a level 3 spell: Swiftness
 17564 | Lair:5   | Reached XP level 15. HP: 131/131 MP: 6/15
 18214 | Lair:5   | Identified the +10 plate armour of the Minstrel {rElec}
 18482 | Orc:1    | Entered Level 1 of the Orcish Mines
 18482 | Orc:1    | Found a bloodstained altar of Trog.
 18717 | Orc:1    | Noticed Maurice
 18727 | Orc:1    | Killed Maurice
 18732 | Orc:1    | Reached skill level 14 in Shields
 18852 | Orc:2    | Entered Level 2 of the Orcish Mines
 18917 | Orc:2    | Found Dirghofi's Antique Armour Emporium.
 19119 | Orc:2    | Found Qac Ojowk's General Store.
 19271 | Orc:2    | Noticed Snorg
 19289 | Orc:2    | Killed Snorg
 19302 | Orc:2    | Found a staircase to the Elven Halls.
 19337 | Orc:2    | Bought a scroll of enchant armour for 105 gold pieces
 19354 | Orc:2    | Found Kytamnet's Jewellery Emporium.
 19660 | Orc:2    | Found Umnysiu's Antique Weapon Shop.
 20078 | Orc:2    | Bought the ring of Qutwust {rC+++ Int-5 Dex+8 Slay+4} for
                  | 1531 gold pieces
 20883 | D:12     | Reached skill level 5 in Dodging
 21818 | D:13     | Found a gate to the Vaults.
 22367 | D:14     | Reached skill level 15 in Shields
 22620 | D:14     | Reached XP level 16. HP: 138/138 MP: 16/16
 22802 | D:15     | Entered Level 15 of the Dungeon
 22936 | D:15     | Identified the +3 flail "Dragon's Death" {flame, rElec
                  | Str+3}
 23351 | D:15     | Found a staircase to the Depths.
 24096 | Orc:2    | Bought a ring of see invisible for 195 gold pieces
 24249 | Spider:1 | Entered Level 1 of the Spider Nest
 25171 | Spider:2 | Noticed Mlioglotl
 25247 | Spider:1 | Noticed a tentacled monstrosity
 25262 | Spider:1 | Killed Mlioglotl
 25263 | Spider:1 | Reached skill level 1 in Evocations
 25483 | Spider:2 | Reached skill level 10 in Dodging
 26694 | Spider:3 | Reached XP level 17. HP: 138/145 MP: 8/17
 27839 | Spider:4 | Entered Level 4 of the Spider Nest
 28849 | Spider:4 | Reached skill level 5 in Evocations
 28898 | Spider:4 | Gained mutation: You are vulnerable to cold. (rC-)
                  | [mutagenic glow]
 29187 | Spider:4 | Reached skill level 15 in Axes
 29237 | Spider:4 | Reached skill level 16 in Shields
 29613 | Spider:4 | Reached skill level 10 in Fighting
 30012 | Spider:4 | Got a gossamer rune of Zot
 30308 | Shoals:1 | Entered Level 1 of the Shoals
 30941 | Shoals:1 | Reached XP level 18. HP: 157/157 MP: 9/18
 31447 | Shoals:2 | You are sucked into a shaft and drop 1 floor!
 32002 | Shoals:2 | Found Yrist's Armour Shop.
 32031 | Shoals:2 | Bought a +2 pair of gloves of strength for 430 gold pieces
 33522 | Shoals:4 | Entered Level 4 of the Shoals
 34080 | Shoals:4 | Learned a level 3 spell: Vhi's Electric Charge
 34166 | Shoals:4 | Found Ceff's Weapon Shop.
 34174 | Shoals:4 | Reached skill level 17 in Shields
 35115 | Shoals:4 | Got a barnacled rune of Zot
 35358 | Elf:1    | Entered Level 1 of the Elven Halls
 35813 | Elf:1    | Paralysed by an air elemental for 1 turns
 35883 | Elf:1    | Reached XP level 19. HP: 159/169 MP: 10/19
 35915 | Elf:1    | Identified the +0 ring mail "Xiocroku" {rPois MP+9 Str+4
                  | Dex-2}
 36716 | Elf:2    | Found Zatuntagh's Antique Weapon Boutique.
 36946 | Elf:2    | Found a runed translucent gate.
 36947 | Elf:2    | Found a runed translucent gate.
 36947 | Elf:2    | Found a runed translucent gate.
 37028 | Elf:2    | Found a runed translucent gate.
 37028 | Elf:2    | Found a runed translucent gate.
 37029 | Elf:2    | Noticed Wesip's ghost (adept MiBe)
 37031 | Elf:2    | Found a runed translucent gate.
 37040 | Elf:2    | Identified the ring "Nimafaoxt" {Fire rPois Str-2 Int+4
                  | Dex+2}
 37232 | Elf:2    | Killed Wesip's ghost
 37550 | Elf:3    | Entered Level 3 of the Elven Halls
 37944 | Elf:3    | Found a runed translucent gate.
 37944 | Elf:3    | Found a runed translucent gate.
 37947 | Elf:3    | Noticed Zappman123's ghost (adept TrGl)
 37949 | Elf:3    | Found a runed translucent gate.
 38040 | Elf:3    | Paralysed by an air elemental for 1 turns
 38090 | Elf:3    | Acquired 812 gold pieces
 38300 | Elf:3    | Reached skill level 15 in Armour
 38336 | Elf:3    | Paralysed by an air elemental for 1 turns
 38354 | Elf:3    | Noticed a Tzitzimitl
 38367 | Elf:3    | Paralysed by an air elemental for 1 turns
 38385 | Elf:3    | Identified the amulet "Weolit" {Contam Regen+ Int+4}
 38398 | Elf:3    | Reached skill level 18 in Shields
 38398 | Elf:3    | Noticed a Tzitzimitl
 38412 | Elf:3    | Identified the +8 morningstar "Nufieluq" {freeze, rN+}
 38665 | Elf:3    | Reached skill level 10 in Evocations
 38667 | Elf:3    | Noticed a Tzitzimitl
 39066 | Elf:3    | Identified the +7 mace "Mef Masch" {protect, *Corrode rPois
                  | rC+++ Int-3}
 39067 | Elf:3    | Identified the +2 battleaxe "Moutsom" {vamp, Contam rPois
                  | Int+4 SInv}
 39067 | Elf:3    | Identified the amulet of Liag {RegenMP rCorr Str+2}
 39138 | Elf:3    | Noticed a Brimstone Fiend
 39304 | Elf:3    | Paralysed by an air elemental for 1 turns
 39398 | Elf:3    | Identified the +6 war axe "Zaoclan" {spect, Dex+5 SInv}
 39652 | Elf:3    | Got the Catalogue of Corruption and the Wayfarer
 39684 | Elf:3    | Found the +5 Storm Queen's Shield {shock, Fly rElec}
 39743 | Elf:3    | Identified the +6 arbalest "Viesothal" {flame, Int+2}
 40098 | Elf:2    | Reached XP level 20. HP: 152/179 MP: 11/20
 40994 | Depths:1 | Entered Level 1 of the Depths
 41116 | Vaults:1 | Entered Level 1 of the Vaults
 41893 | Vaults:1 | Identified the ring "Micerrua" {+Blink rF- rCorr Str+3
                  | Dex+3}
 42700 | Vaults:2 | Reached skill level 19 in Shields
 43276 | Vaults:2 | Identified the amulet of Tedghaewk {Regen+ Int+4}
 43457 | Vaults:2 | Identified the +4 broad axe "Beastslayer" {holy, rC+
                  | Stlth+}
 43462 | Vaults:2 | Reached XP level 21. HP: 190/190 MP: 12/21
 43943 | Vaults:3 | Found Qeqa's Armour Emporium.
 43946 | Vaults:3 | Bought the +4 pair of gloves "Essecin" {rF+ Str+5} for 686
                  | gold pieces
 43946 | Vaults:3 | Bought a +2 plate armour of willpower for 560 gold pieces
 44696 | Vaults:3 | Found the amulet of the Four Winds {rN+ Will+++ Clar}
 45193 | Vaults:3 | Found a staircase to the Crypt.
 45524 | Vaults:4 | Found Kuanyoh's Weapon Boutique.
 46712 | Crypt:1  | Entered Level 1 of the Crypt
 46795 | Abyss:2  | Cast into level 2 of the Abyss (vampire knight)
 47157 | Abyss:3  | Reached XP level 22. HP: 159/202 MP: 13/22
 47376 | Crypt:1  | Escaped the Abyss
 48185 | Crypt:2  | Reached skill level 20 in Shields
 48539 | Crypt:2  | Identified the +1 robe "Biedghumi" {+Inv Dex+3 SInv}
 49066 | Crypt:3  | Entered Level 3 of the Crypt
 49225 | Crypt:3  | Noticed Frederick
 49244 | Crypt:3  | Killed Frederick
 49305 | Crypt:3  | Noticed Jory
 49321 | Crypt:3  | Killed Jory
 49443 | Crypt:3  | Noticed Zenata
 49459 | Crypt:3  | Killed Zenata
 49781 | Crypt:3  | Found a runed translucent gate.
 49781 | Crypt:3  | Found a runed translucent gate.
 49781 | Crypt:3  | Found a runed translucent gate.
 50013 | Crypt:3  | Acquired a +3 eveningstar of protection
 50037 | Crypt:3  | Found a staircase to the Tomb.
 50150 | Crypt:3  | Found an ancient bone altar of Kikubaaqudgha.
 50488 | Crypt:3  | Reached XP level 23. HP: 209/211 MP: 14/23
 50721 | Crypt:3  | Noticed an ancient lich
 50742 | Crypt:3  | Killed an ancient lich
 50792 | Crypt:3  | Found the +8 demon blade "Leech" {evervamp, Harm Drain rN+}
 50803 | Crypt:3  | Identified the +0 war axe of Valour {freeze, rPois Int+2
                  | Dex+3}
 50819 | Crypt:3  | Got Sif Muna's Papyrus of the Burn and the Volcano
 51206 | Crypt:3  | Reached skill level 15 in Fighting
 51717 | Depths:1 | Paralysed by a Zot trap for 5 turns
 51860 | Depths:1 | Identified the +2 quarterstaff of the Beginning {venom, rN+
                  | Str+2 Stlth+}
 51914 | Depths:1 | Gained mutation: Your mind is acute. (Int +4, Str/Dex -1)
                  | [a shining eye]
 51918 | Depths:1 | Found a gateway to Hell.
 51925 | Depths:1 | Gained mutation: Your magical capacity is low. (-10% MP) [a
                  | shining eye]
 51931 | Depths:1 | Gained mutation: Your body sometimes deteriorates upon
                  | taking damage. [a shining eye]
 52323 | Depths:1 | Found an ancient bone altar of Kikubaaqudgha.
 52559 | Depths:2 | Found a runed translucent door.
 52564 | Depths:2 | Noticed Jinabuol's ghost (adept MfGl)
 52574 | Depths:2 | Reached skill level 21 in Shields
 52688 | Depths:2 | Killed Jinabuol's ghost
 52717 | Depths:2 | Found a runed translucent door.
 52717 | Depths:2 | Noticed Jyprain's ghost (veteran DrFE)
 52735 | Depths:2 | Killed Jyprain's ghost
 52752 | Depths:2 | Found a runed translucent door.
 52752 | Depths:2 | Noticed ma3's ghost (adept MiFi)
 52935 | Depths:2 | Found a one-way gateway to a ziggurat.
 53154 | Depths:2 | Noticed a juggernaut
 53177 | Depths:2 | Killed a juggernaut
 53193 | Depths:2 | Paralysed by a floating eye for 4 turns
 53220 | Depths:2 | Paralysed by a floating eye for 2 turns
 53232 | Depths:2 | Paralysed by a floating eye for 4 turns
 53249 | Depths:2 | Reached XP level 24. HP: 79/221 MP: 11/20
 53268 | Depths:2 | Identified the +5 whip "Ciwyuw" {drain, *Slow Dex+2 SInv}
 53269 | Depths:2 | Identified the +1 broad axe of Extremism {freeze, Drain rC-
                  | Dex+9 SInv}
 53474 | Depths:2 | Identified the +5 battleaxe of Neurosis {spect, rElec rPois
                  | Str+3}
 53525 | Depths:2 | Reached skill level 15 in Maces & Flails
 53912 | Depths:2 | Found a one-way gate leading to the halls of Pandemonium.
 54054 | Depths:2 | Identified the +1 kite shield "Unuuwony" {rElec rF+++ MP-9
                  | Int-2}
 54054 | Depths:2 | Noticed Asterion
 54064 | Depths:2 | Killed Asterion
 54248 | Depths:2 | Found a corrupted altar of Lugonu.
 54248 | Depths:2 | Found a one-way gate to the infinite horrors of the Abyss.
 54449 | Depths:2 | Killed ma3's ghost
 54470 | Depths:2 | Identified the amulet of Asiw Udo {Faith Harm Fragile
                  | Regen+}
 54873 | Depths:3 | HP: 5/224 [iron troll (11)]
 55528 | Depths:3 | Noticed Sojobo
 55552 | Depths:3 | Killed Sojobo
 55957 | Depths:3 | You are sucked into a shaft and drop 1 floor!
 55957 | Depths:4 | Entered Level 4 of the Depths
 55973 | Depths:4 | Reached skill level 22 in Shields
 55991 | Depths:4 | Found a gate to the Realm of Zot.
 56869 | Depths:4 | Found a runed translucent door.
 57353 | Depths:3 | Identified the ring "Ceeph" {Wiz rC+}
 57358 | Depths:3 | Identified the +4 ring mail of Netry {+Blink}
 57398 | Depths:3 | Reached skill level 23 in Shields
 59366 | Tomb:1   | Entered Level 1 of the Tomb of the Ancients
 59602 | Tomb:1   | Reached XP level 25. HP: 213/232 MP: 11/20
 60186 | Tomb:1   | Noticed a royal mummy
 60399 | Tomb:2   | Noticed a royal mummy
 60399 | Tomb:2   | Noticed a royal mummy
 60403 | Tomb:2   | Noticed a royal mummy
 60404 | Tomb:2   | Noticed a royal mummy
 60407 | Tomb:2   | Killed a royal mummy
 60432 | Tomb:2   | Killed a royal mummy
 61147 | Tomb:1   | Noticed a royal mummy
 61147 | Tomb:1   | Noticed a royal mummy
 61155 | Tomb:1   | Noticed a royal mummy
 61158 | Tomb:1   | Killed a royal mummy
 61160 | Tomb:1   | Killed a royal mummy
 61162 | Tomb:1   | Killed a royal mummy
 61177 | Tomb:1   | Noticed a royal mummy
 61179 | Tomb:1   | Noticed a royal mummy
 61189 | Tomb:1   | Noticed a royal mummy
 61208 | Tomb:1   | Noticed a royal mummy
 61316 | Tomb:1   | Noticed a royal mummy
 61320 | Tomb:1   | Noticed a royal mummy
 61330 | Tomb:1   | Noticed a royal mummy
 61332 | Tomb:1   | Noticed a royal mummy
 61335 | Tomb:1   | Noticed a royal mummy
 61340 | Tomb:1   | Noticed a royal mummy
 61341 | Tomb:1   | Killed a royal mummy
 61343 | Tomb:1   | Killed a royal mummy
 61344 | Tomb:1   | Reached skill level 24 in Shields
 61345 | Tomb:1   | Noticed a royal mummy
 61345 | Tomb:1   | Noticed a royal mummy
 61453 | Tomb:1   | Killed a royal mummy
 61524 | Tomb:1   | Noticed a royal mummy
 61526 | Tomb:1   | Noticed a royal mummy
 61529 | Tomb:1   | Noticed a royal mummy
 61529 | Tomb:1   | Noticed a royal mummy
 61535 | Tomb:1   | Killed a royal mummy
 61545 | Tomb:1   | Killed a royal mummy
 61863 | Tomb:3   | Entered Level 3 of the Tomb of the Ancients
 61875 | Tomb:3   | Noticed a royal mummy
 61881 | Tomb:3   | Noticed a royal mummy
 61886 | Tomb:3   | Killed a royal mummy
 61889 | Tomb:3   | Killed a royal mummy
 61894 | Tomb:3   | Noticed a royal mummy
 61896 | Tomb:3   | Noticed a royal mummy
 61904 | Tomb:3   | Killed a royal mummy
 61906 | Tomb:3   | Killed a royal mummy
 61906 | Tomb:3   | Noticed a royal mummy
 61911 | Tomb:3   | Killed a royal mummy
 61921 | Tomb:3   | Killed a royal mummy
 61938 | Tomb:3   | Killed a royal mummy
 61944 | Tomb:3   | Noticed a royal mummy
 61949 | Tomb:3   | Noticed a royal mummy
 62254 | Tomb:3   | Killed a royal mummy
 62508 | Tomb:3   | Found the +10 zealot's sword {holy, Zealotry, *Rage rN+
                  | EV+3}
 62512 | Tomb:3   | Found the +3 Mad Mage's Maulers {Infuse+∞ VampMP -Cast}
 62533 | Tomb:3   | Identified the ring of Aduddilaa {rC+ Str+6 Dex+4}
 62537 | Tomb:3   | Identified the +5 halberd of Watchfulness {drain, rN+}
 62586 | Tomb:3   | Identified the +1 robe of Circular Logic {Fly}
 62587 | Tomb:3   | Identified the +5 glaive of Wondrous Power {holy, rF+
                  | Str+2}
 62592 | Tomb:3   | Identified the +2 glaive of Precise Incision {flame, Int+2}
 62774 | Tomb:3   | Got a golden rune of Zot
 62854 | Zig:1    | Entered Level 1 of a ziggurat
 62909 | Tomb:3   | Killed a royal mummy
 63250 | Tomb:1   | Killed a royal mummy
 63848 | Zot:1    | Entered Level 1 of the Realm of Zot
 63867 | Zot:1    | Noticed an orb of fire
 65000 | Zot:2    | Noticed an orb of fire
 65821 | Zot:3    | Noticed Vv
 65823 | Zot:3    | Reached skill level 25 in Shields
 65831 | Zot:3    | Killed Vv
 65856 | Zot:3    | Reached XP level 26. HP: 178/243 MP: 11/20
 66480 | Zot:3    | Lost mutation: Your body sometimes deteriorates upon taking
                  | damage. [potion of mutation]
 66480 | Zot:3    | Lost mutation: You are vulnerable to cold. (rC-) [potion of
                  | mutation]
 66480 | Zot:3    | Lost mutation: Your magical capacity is low. (-10% MP)
                  | [potion of mutation]
 66480 | Zot:3    | Lost mutation: Your mind is acute. (Int +4, Str/Dex -1)
                  | [potion of mutation]
 66480 | Zot:3    | Gained mutation: Your body sometimes deteriorates upon
                  | taking damage. [potion of mutation]
 66480 | Zot:3    | Gained mutation: Your muscles are strong. (Str +4, Int/Dex
                  | -1) [potion of mutation]
 66480 | Zot:3    | Gained mutation: You expend magic power (3 MP) to
                  | strengthen your wands. [potion of mutation]
 66481 | Zot:3    | Lost mutation: You expend magic power (3 MP) to strengthen
                  | your wands. [potion of mutation]
 66481 | Zot:3    | Lost mutation: Your muscles are strong. (Str +4, Int/Dex
                  | -1) [potion of mutation]
 66481 | Zot:3    | Lost mutation: Your body sometimes deteriorates upon taking
                  | damage. [potion of mutation]
 66481 | Zot:3    | Gained mutation: You have a pair of small horns on your
                  | head. [potion of mutation]
 66481 | Zot:3    | Gained mutation: You occasionally shout uncontrollably at
                  | your foes. [potion of mutation]
 66481 | Zot:3    | Gained mutation: You are partially covered in large bone
                  | plates. (SH +4) [potion of mutation]
 66481 | Zot:3    | Gained mutation: You sometimes lose your temper in combat.
                  | [potion of mutation]
 66481 | Zot:3    | Gained mutation: You expend magic power (3 MP) to
                  | strengthen your wands. [potion of mutation]
 66482 | Zot:3    | Lost mutation: You have a pair of small horns on your head.
                  | [potion of mutation]
 66482 | Zot:3    | Lost mutation: You expend magic power (3 MP) to strengthen
                  | your wands. [potion of mutation]
 66482 | Zot:3    | Lost mutation: You sometimes lose your temper in combat.
                  | [potion of mutation]
 66482 | Zot:3    | Lost mutation: You are partially covered in large bone
                  | plates. (SH +4) [potion of mutation]
 66482 | Zot:3    | Lost mutation: You occasionally shout uncontrollably at
                  | your foes. [potion of mutation]
 66482 | Zot:3    | Gained mutation: Your mind is acute. (Int +4, Str/Dex -1)
                  | [potion of mutation]
 66482 | Zot:3    | Gained mutation: You possess an exceptional clarity of
                  | mind. [potion of mutation]
 66482 | Zot:3    | Gained mutation: Your movements are slightly less
                  | encumbered by armour. (ER -2) [potion of mutation]
 67165 | Zot:4    | Found a runed translucent gate.
 67165 | Zot:4    | Found a runed translucent gate.
 67165 | Zot:4    | Found a runed translucent gate.
 67169 | Zot:4    | Noticed Niodghiapo's ghost (legendary NaFi)
 67718 | Zot:4    | Noticed an orb of fire
 67719 | Zot:4    | Gained mutation: You do not regenerate when monsters are
                  | visible. [an orb of fire]
 67719 | Zot:4    | Gained mutation: Your spells are a little easier to cast,
                  | but a little less powerful. [an orb of fire]
 67722 | Zot:4    | Gained mutation: Your magical capacity is low. (-10% MP)
                  | [an orb of fire]
 67726 | Zot:4    | Gained mutation: You are weak. (Str -2) [an orb of fire]
 67730 | Zot:4    | Gained mutation: Your body sometimes deteriorates upon
                  | taking damage. [an orb of fire]
 67732 | Zot:4    | Killed an orb of fire
 67733 | Zot:4    | Lost mutation: You possess an exceptional clarity of mind.
                  | [potion of mutation]
 67733 | Zot:4    | Lost mutation: You do not regenerate when monsters are
                  | visible. [potion of mutation]
 67733 | Zot:4    | Lost mutation: Your body sometimes deteriorates upon taking
                  | damage. [potion of mutation]
 67733 | Zot:4    | Lost mutation: You are weak. (Str -2) [potion of mutation]
 67733 | Zot:4    | Lost mutation: Your spells are a little easier to cast, but
                  | a little less powerful. [potion of mutation]
 67733 | Zot:4    | Lost mutation: Your magical capacity is low. (-10% MP)
                  | [potion of mutation]
 67733 | Zot:4    | Gained mutation: Your flesh is cold resistant. (rC+)
                  | [potion of mutation]
 67733 | Zot:4    | Gained mutation: You are strong-willed. (Will+) [potion of
                  | mutation]
 67733 | Zot:4    | Gained mutation: Your skin changes colour to match your
                  | surroundings (Stealth+). [potion of mutation]
 68483 | Zot:5    | Entered Level 5 of the Realm of Zot
 68524 | Zot:5    | Found Iwuughaf's Changing Room.
 68548 | Zot:5    | Upgraded the game from 0.30-a0-779-g7971cf19c3 to
                  | 0.30-a0-782-ge64f9170bb
 69023 | Slime:1  | Entered Level 1 of the Pits of Slime
 69509 | Slime:1  | Reached skill level 26 in Shields
 70525 | Slime:3  | You are sucked into a shaft and drop 1 floor!
 70558 | Slime:4  | HP: 3/247 [acid blob/splash of acid (29)]
 70560 | Slime:4  | Killed from afar by an acid blob

Illustrated notes

Levels and vault maps discovered:
D:1:      dpeg_arrival_leaves_temple_mockup, layout_loops_ring,
          serial_bayou_crossing
D:2:      layout_loops_ring, basic_altar
D:3:      layout_basic, grunt_temple_overflow_opulence
D:4:      layout_loops_ring, kennysheep_slug_shrine, minmay_temple_entry_wispy,
          uniq_natasha
D:5:      minmay_razor_zed, layout_layer_cave,
          mainiacjoe_overflow_small_starburst, uniq_prince_ribbit1, uniq_pikel,
          uniq_grinder
D:6:      due_chaos_kobolds, layout_gridville, nicolae_tso_swordbearing_angel,
          vehumet_statue, minivault_27, serial_bayou_pond_a
D:7:      layout_cave_pools, elyvilon_altar_4, general_overflow_altar,
          mainiacjoe_overflow_paths, nicolae_yredelemnul_corpse_copse,
          serial_shops, nicolae_diamond_shop, enter_bailey_5
D:8:      layout_gridville, mainiacjoe_overflow_alcove_4, gammafunk_ghost_hive
D:9:      layout_long_grid, nicolae_hepliaklqana_ecumenical_no_more,
          david_orc_2, nicolae_kite_square_tiling_tiny,
          nicolae_wooded_promenade, uniq_harold, uniq_erolcha
D:10:     layout_cave_pools, lemuel_tele_altar, lair_entry_dummy,
          minmay_lindwurm_lava
D:11:     layout_irregular_city, portal_ice_cave_rime
D:12:     layout_grid_maze
D:13:     layout_basic, david_vaults_4
D:14:     layout_roguey [special_room_mythical_zoo], hellmonk_bongcloud_opening
D:15:     gammafunk_enter_depths_forms, layout_basic, minmay_misc_feat_x,
          item_on_display_a
Lair:1:   layout_hall_layers, special_room [special_room_bee],
          minmay_stone_trees_small
Lair:2:   layout_regular_city, elwin_shoals_entry_stream, serial_bayou_shore_a,
          serial_bayou_shore_b, grunt_megastairs_4, infiniplex_staircase_pool_2
Lair:3:   layout_roguey, nicolae_spider_entry_tight_spaces, grunt_megastairs_1,
          lemuel_fruit_tree, serial_bayou_shore_b, uniq_fannar
Lair:4:   layout_regular_city, slime_entry_1, pdpol_lair_cabin_in_the_woods
Lair:5:   grunt_lair_end_beastmaster, layout_long_grid, grunt_megastairs_2
Shoals:1: layout_shoals, st_shoals_ruin
Shoals:2: layout_shoals, serial_shops, nicolae_shop_stone
Shoals:3: layout_shoals, nicolae_shoals_undead_eyrie
Shoals:4: shoals_end_grunt_ice, layout_shoals, serial_shops, shop,
          nicolae_shoals_drake_roost
Spider:1: layout_spider_delve, nicolae_spider_webbed_stairs,
          hangedman_spider_tarantella_strand
Spider:2: layout_spider_delve, uniq_mlioglotl
Spider:3: layout_spider_delve, nicolae_spider_cling_ruins
Spider:4: grunt_spider_rune_circles, nicolae_spider_jagged_tunnels
Slime:1:  layout_caves
Slime:2:  layout_caves, cheibrodos_slime_lost_civilization_5
Slime:3:  layout_caves, cheibrodos_slime_lost_civilization_6
Slime:4:  layout_caves, special_room [special_room_jelly]
Orc:1:    layout_diamond_mine, basic_altar, uniq_maurice
Orc:2:    grunt_orc_gardens, layout_caves, grunt_orc_garden, grunt_orc_garden,
          grunt_orc_garden, grunt_orc_garden, mines1_david, uniq_snorg
Elf:1:    minmay_elf_arrival_plus, layout_geoelf_diagonals,
          hangedman_elf_disciples
Elf:2:    nicolae_elf_blades_crystal_corner, layout_geoelf_octagon,
          serial_shops, nicolae_diamond_shop, gammafunk_ghost_split,
          serial_sigils, serial_sigils_hangedman_shear,
          serial_sigils_hangedman_writhe, serial_sigils_hangedman_quiver
Elf:3:    grunt_elf_hall_diamonds, layout_geoelf_diagonals,
          gammafunk_ghost_tricky_traps
Vaults:1: ontoclasm_vaults_ring_small, nicolae_vaults_border_crossing,
          special_room_vaults [special_room_orc], vaults_dpeg_hooks,
          nicolae_vaults_arrows, hangedman_vaults_stagger,
          nicolae_vaults_what_the_h, v_alt_pattern_5, hangedman_vaults_capsules,
          nicolae_vaults_little_squares_3, vaults_room_fancy_cross,
          nicolae_vaults_little_squares_5, nicolae_vaults_diagonal_hallway_6,
          layout_vaults_big_cross
Vaults:2: vaults_dpeg_spiral, ontoclasm_vaults_eye, v_misc_15,
          nicolae_vaults_ring_of_whatevers, v_misc_15, hangedman_vaults_corner,
          dpeg_vaults_monster_box, vaults_dpeg_encased_lava,
          nicolae_vaults_alarming, vaults_dpeg_diagonal,
          nicolae_vaults_ring_of_whatevers, vaults_room_grid,
          ontoclasm_vaults_gallery, layout_vaults_maze_snakey
Vaults:3: vaults_room_fancy_cross, minmay_crypt_entry_nasty_monster,
          ontoclasm_vaults_ring_small, vaults_room_guarded_vault, v_misc_5,
          hangedman_vaults_maws, grunt_vaults_trifunnel, vaults_room_octagon,
          ontoclasm_vaults_chip, nicolae_vaults_rhombus_6, layout_vaults_ring,
          serial_shops, nicolae_shop_behind_doors
Vaults:4: nicolae_vaults_network_square, grunt_vaults_funnel,
          vaults_room_semicircle, v_misc_9, nicolae_vaults_triangles,
          nicolae_vaults_angled_halls, ontoclasm_vaults_loading_screen,
          vaults_dpeg_ring, layout_vaults_omnigrid, serial_shops,
          nicolae_shop_statue_plus
Crypt:1:  layout_rooms
Crypt:2:  layout_misc_corridors, roderic_lattice_octagonal_star
Crypt:3:  church_of_pain_bobbens, layout_chaotic_city,
          tomb_entry_forgotten_bobbens, pandoras_box_mu, uniq_zenata, uniq_jory,
          uniq_frederick
Tomb:1
Tomb:2
Tomb:3
Depths:1: layout_big_octagon, abandoned_shop,
          nicolae_hell_entry_hellmouth_sunbeams,
          lemuel_zombie_altar_kikubaaqudgha
Depths:2: grunt_arcs, layout_cave_shapes, enter_ziggurat_e,
          abyss_entry_flame_altar, muffindrake_ghost_three_little_ghosts,
          pf_coc_iceberg, grunt_pan_entry_spiral, minmay_staircase_statues,
          uniq_asterion
Depths:3: lemuel_troll_bridge, layout_basic, nrook_uturn, abyss_entry,
          rand_demon_pan_entry_9, grunt_hell_entry_dis_old,
          minmay_staircase_windowed_large, uniq_sojobo
Depths:4: grunt_zot_entry_bicorn, layout_twisted_cross, minmay_strange_pillars,
          hell_entry, minmay_acid_items, serial_bayou_shore_b
Zot:1:    layout_concentric_octagons
Zot:2:    layout_cellular_growth
Zot:3:    layout_onion_interference, uniq_vv
Zot:4:    layout_cathedral_of_symmetry, gammafunk_ghost_split
Zot:5:    layout_concentric_octagons, nicolae_transmutations_shop

Skill      XL: |  1  2  3  4  5  6  7  8  9 10 11 12 13 14 15 16 17 18 19 20 21 22 23 24 25 26 |
---------------+-------------------------------------------------------------------------------+-----
Maces & Flails | 2 3 4 5 7 8 9 11 12 13 14 16 17 | 17.4
Armour         | 4 5 7 10 12 14 15 16 17 18 19 20 21 22 | 22.2
Fighting       | 5 8 10 11 12 13 14 15 16 17 | 17.7
Dodging        | 4 6 10 11 12 13 14 | 14.8
Shields        | 7 8 11 13 15 16 17 18 19 20 21 23 25 26 | 26.2
Axes           | 5 9 12 14 15 16 17 18 | 18.0
Evocations     | 2 6 8 10 11 13 14 | 14.0

Action                     |  1- 3 |  4- 6 |  7- 9 | 10-12 | 13-15 | 16-18 | 19-21 | 22-24 | 25-27 || total
---------------------------+-------+-------+-------+-------+-------+-------+-------+-------+-------++-------
  Melee: Flail             |   112 |   187 |    64 |       |    83 |       |       |       |       ||   446
         Tailslap          |    11 |    25 |    63 |    42 |   258 |   332 |   380 |   419 |    80 ||  1610
         Whip              |       |       |   296 |    55 |       |       |       |       |       ||   351
         Unarmed           |       |       |     4 |       |       |       |       |       |       ||     4
         Dire flail        |       |       |       |    36 |       |       |       |       |       ||    36
         Broad axe         |       |       |       |   172 |   290 |       |  1542 |   949 |       ||  2953
         War axe           |       |       |       |       |  1165 |  1895 |   277 |       |       ||  3337
         Eveningstar       |       |       |       |       |       |       |       |   601 |   358 ||   959
  Throw: Javelin           |       |       |     3 |       |       |       |       |       |       ||     3
         Boomerang         |       |       |       |     2 |    15 |    21 |       |     2 |       ||    40
 Invoke: Potion Petition   |       |       |       |     2 |     2 |     1 |       |     1 |     2 ||     8
         Call Merchant     |       |       |       |     1 |     1 |     3 |       |       |       ||     5
         Bribe Branch      |       |       |       |       |       |       |       |     1 |     4 ||     5
  Evoke: Box of beasts     |       |       |       |       |       |       |     1 |       |     1 ||     2
         Phantom mirror    |       |       |       |       |       |       |     1 |       |       ||     1
         Wand              |       |       |       |       |       |       |       |     1 |       ||     1
         Figurine of a zig |       |       |       |       |       |       |       |       |     1 ||     1
    Use: Scroll            |     4 |     7 |     6 |     9 |     9 |    11 |    13 |    10 |     7 ||    76
         Potion            |       |       |     1 |     4 |    10 |     8 |    17 |    12 |    15 ||    67
   Stab: Distracted        |       |       |     3 |     2 |    11 |    18 |    16 |    22 |    11 ||    83
         Invisible         |       |       |       |       |       |       |     1 |       |     6 ||     7
         Sleeping          |       |       |       |       |       |       |       |       |     1 ||     1
 Armour: Scale mail        |    61 |    74 |    76 |     5 |    21 |       |       |       |       ||   237
         Ring mail         |       |       |    58 |    66 |       |       |       |       |       ||   124
         Chain mail        |       |       |       |       |   635 |   634 |   634 |   678 |   232 ||  2813
  Dodge: Dodged            |    37 |    48 |   102 |   120 |   376 |   354 |   434 |   502 |   219 ||  2192
         Repelled          |       |       |       |       |     3 |     5 |    18 |       |       ||    26
  Block: Buckler           |    18 |    29 |    51 |    32 |       |       |       |       |       ||   130
         Tower shield      |       |       |       |   113 |  1312 |  1595 |   494 |       |       ||  3514
         Kite shield       |       |       |       |       |       |       |   987 |  1516 |   502 ||  3005

Table legend: (Time is in decaauts)
 A = Elapsed time spent in this place.
 B = Non-inter-level travel time spent in this place.
 C = Inter-level travel time spent in this place.
 D = Time resting spent in this place.
 E = Time spent auto-exploring this place.
 F = Levels seen in this place.
 G = Mean time per level.
                   A        B        C        D        E       F      G
               +--------+--------+--------+--------+--------+-----+--------+
         Total |  68648 |  62886 |   5762 |   1340 |  46335 |  61 | 1125.4 |
       Dungeon |  15777 |  13770 |   2007 |      0 |  10614 |  15 | 1051.8 |
          Lair |   7013 |   6122 |    891 |     54 |   4805 |   5 | 1402.6 |
        Shoals |   4451 |   4241 |    210 |      0 |   3280 |   4 | 1112.8 |
   Spider Nest |   5551 |   5402 |    149 |    497 |   3755 |   4 | 1387.8 |
    Slime Pits |   1537 |   1537 |      0 |      0 |   1053 |   4 |  384.2 |
  Orcish Mines |   1706 |   1501 |    205 |     52 |   1120 |   2 |  853.0 |
   Elven Halls |   5151 |   4876 |    275 |     26 |   3160 |   3 | 1717.0 |
        Vaults |   5859 |   5110 |    749 |    114 |   3617 |   4 | 1464.8 |
         Crypt |   4494 |   3954 |    540 |      0 |   2887 |   3 | 1498.0 |
          Tomb |   4010 |   3843 |    167 |      0 |   2799 |   3 | 1336.7 |
        Depths |   6715 |   6308 |    407 |    362 |   4516 |   4 | 1678.8 |
           Zot |   4817 |   4659 |    158 |     26 |   4126 |   5 |  963.4 |
         Abyss |    539 |    539 |      0 |      0 |    297 |   2 |  269.5 |
      Ziggurat |     24 |     24 |      0 |      0 |      0 |   1 |   24.0 |
        Bailey |    476 |    476 |      0 |      0 |    179 |   1 |  476.0 |
      Ice Cave |    520 |    520 |      0 |    208 |    125 |   1 |  520.0 |
               +--------+--------+--------+--------+--------+-----+--------+

Top non-repeatable levels by time:
 Crypt:3: 2444 daAuts
   Elf:3: 2376 daAuts
Depths:2: 2337 daAuts
Spider:4: 2105 daAuts
  Lair:5: 1958 daAuts
Depths:3: 1952 daAuts
  Tomb:1: 1950 daAuts
Vaults:3: 1933 daAuts
     D:5: 1857 daAuts
   Elf:2: 1757 daAuts
   Zot:4: 1531 daAuts
Depths:4: 1520 daAuts
Vaults:1: 1518 daAuts
Shoals:4: 1514 daAuts
  Lair:4: 1378 daAuts
